 Dungeon Crawl Stone Soup version 0.17-a0-1470-g474c87d (webtiles) character file.

28 PoptartRainbow the Sneak (level 3, -2/24 HPs)
             Began as an Octopode Assassin on July 1, 2015.
             Slain by a goblin
             ... wielding a +0 club
             ... led by Robin
              (5 damage)
             ... on level 2 of the Dungeon.
             The game lasted 00:08:25 (1389 turns).

PoptartRainbow the Sneak (Octopode Assassin)        Turns: 1389, Time: 00:08:25

Health: -2/24      AC:  1    Str: 10    XL:     3   Next: 14%
Magic:  3/3        EV: 12    Int: 16    God:
Gold:   59         SH:  0    Dex: 14    Spells: 0 memorised, 2 levels left

rFire  . . .     SeeInvis .     b - +0 blowgun
rCold  + . .     Clarity  .     (no shield)
rNeg   . . .     SustAt   .     (helmet restricted)
rPois  .         Gourm    .     (no amulet)
rElec  .         Spirit   .     j - ring of protection from cold
rCorr  .         Warding  .     h - +3 ring of intelligence
rMut   .         Stasis   .     (no ring)
MR     .....                    (no ring)
Stlth  +++++.....               (no ring)
                                (no ring)
                                (no ring)
                                (no ring)

@: not resistant to hostile enchantments, quite stealthy
A: almost no armour, amphibious, 8 rings, constrict 8, camouflage 1, gelatinous
body 1
a: no special abilities


You were on level 2 of the Dungeon.
You were not hungry.

You visited 1 branch of the dungeon, and saw 2 of its levels.

You collected 59 gold pieces.

Inventory:

Hand weapons
 a - a +3 dagger
 b - a +0 blowgun (weapon)
 q - a +0 dagger
Missiles
 c - 2 poisoned needles (quivered)
 d - 2 curare-tipped needles
 l - 15 sling bullets
 p - 12 arrows of frost
 s - 12 stones
Armour
 g - a +1 robe
Jewellery
 h - a +3 ring of intelligence (right tentacle)
 j - a ring of protection from cold (left tentacle)
Scrolls
 i - 2 scrolls of enchant weapon
 m - 2 scrolls of amnesia
 o - 2 scrolls of remove curse
 r - a scroll of identify
Potions
 f - a potion of invisibility {unknown}
 n - a potion of curing {unknown}
Comestibles
 e - a bread ration
 k - a slice of pizza
 t - 3 chunks of flesh


   Skills:
 + Level 2.2 Fighting
 + Level 2.2 Short Blades
 + Level 2.0 Throwing
 + Level 1.3 Dodging
 + Level 6.2 Stealth


You had 2 spell levels left.
You didn't know any spells.

Dungeon Overview and Level Annotations

Branches:
Dungeon (2/15)

Altars:
Elyvilon

Annotations:
D:2 Robin


Innate Abilities, Weirdness & Mutations

You cannot wear most types of armour.
You are amphibious.
You can wear up to eight rings at the same time.
You can use your tentacles to constrict eight enemies at once.
Your skin changes colour to match your surroundings (Stealth).
Your rubbery body absorbs attacks (AC +1).


Message History

You shoot a poisoned needle.
The poisoned needle closely misses the goblin.
The goblin hits you with a club.
* * * LOW HITPOINT WARNING * * *
Robin says, "My goblins will feast on your bones."
Robin roars a battlecry!
Firing (i - inventory. (,) - cycle):
c - 4 poisoned needles (quivered)
Press: ? - help, Shift-Dir - straight line, f - Robin, p - goblin
Aim: Robin, wielding a falchion, wearing a glowing animal skin and wearing a helmet (lightly wounded, poisoned)
You shoot a poisoned needle. The poisoned needle hits Robin.
Robin looks even sicker.
Robin is lightly wounded.
Robin hits you with a falchion.
* * * LOW HITPOINT WARNING * * *
Firing (i - inventory. (,) - cycle):
c - 3 poisoned needles (quivered)
Press: ? - help, Shift-Dir - straight line, f - goblin, p - Robin
Aim: a goblin, wielding a club (consumed by blood-lust)
You shoot a poisoned needle. The poisoned needle hits the goblin!
The goblin is poisoned.
The goblin hits you with a club.
You die...

#...g...#.).(.(..#.# .....#
###.....##.(.....#.# ......#
#.....##.(.....#.# ......#
#..)..###(######.# ......#
#.#######(.#####.# 8.....#
#...(....†(#...... ......#
####.####).#.###.#
......#############.####....# #.#
.........(.(.)(g@gg_...(....###.#
####......#########.#).....###...
####......# #.#...(..###..#
..........### #)#.g.)...##..#
............... #.#.....#.##..#
............... #.#...(.#.##...
#..............# #(..(((.#..#<.#
#....#####.........##(##.........
.....# ......... ########.#..#


You could see Robin, a hobgoblin and a goblin (frenzied).

Vanquished Creatures
  A ball python (D:1)
  4 bats
  11 goblins
  2 hobgoblins (D:1)
  2 giant newts
  3 kobolds
  3 rats
26 creatures vanquished.

Notes
Turn   | Place    | Note
--------------------------------------------------------------
     0 | D:1      | PoptartRainbow the Octopode Assassin began the quest for the Orb.
     0 | D:1      | Reached XP level 1. HP: 14/14 MP: 1/1
   443 | D:1      | Reached XP level 2. HP: 19/19 MP: 2/2
   961 | D:2      | Reached skill level 6 in Stealth
  1023 | D:2      | Found a white marble altar of Elyvilon.
  1228 | D:2      | Noticed Robin
  1274 | D:2      | Reached XP level 3. HP: 8/24 MP: 3/3
  1311 | D:2      | Found a faded altar to an unknown god.
  1389 | D:2      | Slain by a goblin

Vault maps used:
D:1:      dpeg_arrival_short_road, minmay_misc_feat_ornament
D:2:      lemuel_crystal_altar, ecumenical_altar_2, uniq_robin

Action                   || total
-------------------------++-------
Melee: Dagger            ||    29
 Fire: Blowgun           ||    17
Throw: Throwing net      ||     2
  Use: Scroll            ||     8
 Stab: Sleeping          ||     8
  Eat: Chunk             ||     1
